 Dungeon Crawl Stone Soup version 0.24-a0-269-g32ec7ca (webtiles) character file.

Game seed: 3914879634015766567

166926 Lanoc the Severer (level 17, -10/156 HPs)
             Began as a Red Draconian Gladiator on Apr 21, 2019.
             Was a High Priest of Uskayaw.
             Mangled by a merfolk impaler
             ... wielding a +5 trident of freezing
              (26 damage)
             ... on level 4 of the Shoals.
             The game lasted 01:47:33 (41563 turns).

Lanoc the Severer (Red Draconian Gladiator)        Turns: 41563, Time: 01:47:33

Health: -10/156    AC: 15    Str: 20    XL:     17   Next: 30%
Magic:  27/27      EV: 30    Int:  9    God:    Uskayaw [*****.]
Gold:   1313       SH:  4    Dex: 26    Spells: 14/16 levels left

rFire    + + .     SeeInvis .   i - +9 executioner's axe (elec)
rCold    + . .     Gourm    .   (shield currently unavailable)
rNeg     + . .     Faith    .   (armour unavailable)
rPois    .         Spirit   .   b - +0 hat
rElec    .         Reflect  +   I - scarf {rC+ rF+}
rCorr    .         Harm     .   A - +2 pair of gloves {Str+3}
MR       ++...                  j - +2 pair of boots of the Assassin {Detection Stab+ Stlth++}
Stlth    +++++.....             M - +4 amulet of reflection
HPRegen  0.36/turn              X - ring of positive energy
MPRegen  0.20/turn              B - ring of protection from magic

@: agile, barbed spikes, mesmerised, studying 2 skills
A: breathe fire, unfitting armour, agile 1, fire resistance 1, low mp 1, sense
surroundings 1, cold-blooded, AC +9
a: Breathe Fire, Stomp, Line Pass, Grand Finale, Renounce Religion


You were on level 4 of the Shoals.
You worshipped Uskayaw.
Uskayaw was most pleased with you.
You were not hungry.

You visited 5 branches of the dungeon, and saw 28 of its levels.
You also visited: Ossuary, Bailey and Ice Cave.

You collected 3269 gold pieces.
You spent 1956 gold pieces at shops.

Inventory:

Hand Weapons
 i - a +9 executioner's axe of electrocution (weapon)
 v - a +2 battleaxe of chopping
 R - a +0 blowgun
Missiles
 g - 12 throwing nets (quivered)
 Q - 9 curare-tipped needles
Armour
 b - a +0 hat (worn)
 j - the +2 pair of boots of the Assassin (worn) {Detection Stab+ Stlth++}
   (You bought it in a shop on level 4 of the Dungeon)

   It makes you much more stealthy.
 A - a +2 pair of gloves of strength (worn)
 I - a scarf of resistance (worn)
 Y - a scarf of cloud immunity
Jewellery
 B - a ring of protection from magic (right hand)
 M - a +4 amulet of reflection (around neck)
 X - a ring of positive energy (left hand)
Wands
 c - a wand of iceblast (33)
 m - a wand of flame (30)
 o - a wand of polymorph (24)
 s - a wand of acid (10)
 x - a wand of digging (8)
 J - a wand of random effects (15)
 L - a wand of disintegration (22)
 S - a wand of enslavement (11)
Scrolls
 f - 5 scrolls of amnesia
 h - 11 scrolls of remove curse
 k - 3 scrolls of fear
 l - 10 scrolls of teleportation
 n - 5 scrolls of fog
 q - a scroll of blinking
 E - 3 scrolls of immolation
 F - 5 scrolls of magic mapping
 N - a scroll of summoning
 P - 2 scrolls of enchant weapon
 W - 3 scrolls of identify
Potions
 a - a potion of lignification
 e - 3 potions of haste
 p - 5 potions of resistance
 r - 7 potions of brilliance
 u - 12 potions of mutation
 w - a potion of might
 z - 2 potions of heal wounds
 D - 6 potions of magic
 G - 17 potions of curing
 K - 4 potions of cancellation
Books
 t - a manual of Air Magic
 T - a manual of Fighting
Miscellaneous
 y - a box of beasts
 C - a sack of spiders
 O - a phantom mirror
 U - a phial of floods
 Z - a lightning rod (4/4)
Comestibles
 d - 51 rations


   Skills:
 + Level 15.5 Fighting
 * Level 18.2 Axes
 - Level 1.7 Throwing
 + Level 12.6 Dodging
 - Level 18.0 Invocations


You had 14 spell levels left.
You knew the following spells:

 Your Spells              Type           Power        Failure   Level  Hunger
a - Apportation           Tloc           #.....       38%         1    ##.....
b - Summon Butterflies    Summ           #.......     38%         1    ##.....

Your spell library contained the following spells:

 Spells                   Type           Power        Failure   Level  Hunger
 Animate Skeleton         Necr           N/A          38%         1    ##.....
 Beastly Appendage        Tmut           #.....       38%         1    ##.....
 Confusing Touch          Hex            #.....       38%         1    ##.....
 Infusion                 Chrm           #...         38%         1    ##.....
 Summon Small Mammal      Summ           #...         38%         1    ##.....
 Call Imp                 Summ           #.......     52%         2    ###....
 Shroud of Golubria       Chrm/Tloc      #.........   52%         2    ###....
 Song of Slaying          Chrm           #.......     52%         2    ###....
 Sticks to Snakes         Tmut           #.......     52%         2    ###....
 Call Canine Familiar     Summ           #.......     77%         3    ####...
 Confuse                  Hex            #.......     77%         3    ####...
 Gell's Gravitas          Tloc           #.........   77%         3    ####...
 Ignite Poison            Fire/Tmut/Pois #.......     77%         3    ####...
 Lesser Beckoning         Tloc           #.........   77%         3    ####...
 Regeneration             Chrm/Necr      #.........   77%         3    ####...
 Spectral Weapon          Hex/Chrm       #.......     77%         3    ####...
 Spider Form              Tmut/Pois      #.........   77%         3    ####...
 Summon Guardian Golem    Hex/Summ       #.......     77%         3    ####...
 Tukima's Dance           Hex            #.......     77%         3    ####...
 Ice Form                 Ice/Tmut       #.......     99%         4    #####..
 Petrify                  Tmut/Erth      #.......     99%         4    #####..
 Summon Ice Beast         Ice/Summ       #.......     99%         4    #####..
 Summon Lightning Spire   Summ/Air       #.......     99%         4    #####..
 Alistair's Intoxication  Tmut/Pois      #.......     100%        5    ######.
 Blade Hands              Tmut           #.........   100%        5    ######.
 Fireball                 Conj/Fire      #.........   100%        5    ######.
 Metabolic Englaciation   Hex/Ice        #.........   100%        5    ######.
 Yara's Violent Unravell  Hex/Tmut       #.........   100%        5    ######.
 Bolt of Fire             Conj/Fire      #.........   100%        6    #######
 Invisibility             Hex            #.......     100%        6    #######
 Ring of Flames           Chrm/Fire      #.........   100%        7    #######
 Ignition                 Fire           #.........   100%        8    #######


Dungeon Overview and Level Annotations

Branches:
Dungeon (15/15)            Temple (1/1) D:4            Lair (6/6) D:10
 Shoals (4/4) Lair:3        Snake (0/4) Lair:2        Slime (0/5) Lair:5
    Orc (2/2) D:10            Elf (0/3) Orc:2        Vaults (0/5) D:13
 Depths (0/5) D:15

Altars:
Ashenzari
Cheibriados
Dithmenos
Elyvilon
Fedhas
Gozag
Hepliaklqana
Kikubaaqudgha
Makhleb
Nemelex Xobeh
Okawaru
Qazlal
Ru
Sif Muna
Trog
Uskayaw
Vehumet
Wu Jian
Xom
Yredelemnul
Zin
The Shining One
Beogh

Shops:
D:4 [   D:6 }   D:11 *   Orc:1 *?[[:   Orc:2 ?([(

Annotations:
D:2 1 runed translucent door, Crazy Yiuf
D:15 exclusion: Roxanne, Roxanne
Shoals:2 Frances


Innate Abilities, Weirdness & Mutations

You can breathe blasts of fire.
Your fiery red scales are hard. (AC +9)
You cannot fit into any form of body armour.
Your flesh is heat resistant. (rF+)
You are cold-blooded and may be slowed by cold attacks.
You are agile. (Dex +2)
Your magical capacity is low. (-10% MP)
You passively map a small area around you.


Message History

The merfolk siren hits you from afar with a +0 spear.
The manticore misses you. The manticore completely misses you. x2
The snapping turtle completely misses you.
The merfolk impaler hits you from afar with a +5 trident of freezing!
The merfolk impaler freezes you.
You slice the water nymph!!
Lightning courses through the water nymph!
You kill the water nymph!
You slash the manticore!
Lightning courses through the manticore!
You kill the manticore!
The merfolk is no longer sharing its pain.
The snapping turtle bites you from afar!!
* * * LOW HITPOINT WARNING * * *
The merfolk throws a tomahawk.
The tomahawk hits you!
* * * LOW HITPOINT WARNING * * *
The merfolk siren drinks a potion.
The merfolk siren is healed!
The merfolk completely misses you.
The merfolk impaler hits you from afar with a +5 trident of freezing!!
You die...

#.=....m.###≈#≈#m# .....
, ##........# *≈≈ ≈≈
**,≈≈... , ..........#
#≈ C#m* ...... , ,
≈.........##≈ .≈.,
≈.....≈ ,
≈≈≈)......≈##.#*#, #≈...
,
≈≈≈.........#*###*#..t..
≈≈≈≈.....<.)###.##tm....
≈≈≈≈.......tm.t...)≈≈...
, ,
≈≈≈≈≈........mm)@Ym≈≈..≈
,
≈≈≈≈≈≈.≈..≈≈≈.m..)m.≈..≈
,
≈≈≈≈≈≈≈≈≈≈≈≈≈≈†.<(≈≈...≈
,
≈≈≈≈≈≈≈≈≈≈≈≈≈≈≈......(..
≈≈≈≈≈≈≈≈≈≈≈≈≈≈≈≈....#≈##
,, ,,
≈≈≈≈≈≈≈≈≈≈≈≈≈≈≈≈...# # *
≈ ≈≈≈≈≈≈≈≈≈.≈#≈≈ ≈
≈≈≈≈≈≈≈≈≈.##≈≈.
≈≈≈≈≈≈≈≈≈.# ≈#. ,


You could see a merfolk impaler, 4 snapping turtles, 2 merfolk, 3 merfolk
sirens, a water nymph and a dream sheep.

Vanquished Creatures
  Rupert (D:12)
  Polyphemus (Shoals:3)
  A sphinx (D:15)
  A kraken (Shoals:3)
  Gastronok (Lair:2)
  Ilsuiw (Shoals:2)
  An orc warlord (Orc:2)
  Aizul (Shoals:1)
  A reaper (IceCv)
  A stone giant (Orc:1)
  3 merfolk javelineers
  Josephine (Orc:1)
  An ettin (Orc:1)
  10 merfolk impalers
  3 ogre magi
  Harold (D:11)
  A vault guard (D:13)
  4 hydras
  A death knight (D:15)
  2 centaur warriors
  4 merfolk avatars
  2 merfolk aquamancers (Shoals:2)
  2 catoblepae
  2 satyrs
  10 two-headed ogres
  An alligator snapping turtle (Shoals:2)
  12 death yaks
  Urug (Lair:2)
  3 orc high priests
  A deep elf knight (D:13)
  Nergalle (Lair:2)
  A skeletal warrior (D:15)
  2 unseen horrors
  2 fire crabs (Shoals:2)
  3 sea snakes
  A deep elf archer (D:13)
  Pikel (D:4)
  A necromancer (D:15)
  5 orc knights
  A fire giant zombie (D:15)
  3 harpies
  A phantasmal warrior (D:15)
  A wolf spider zombie (D:14)
  9 manticores
  4 orc sorcerers
  10 deep elf magi
  A shining eye (Lair:6)
  17 cyclopes
  18 fauns
  A stone giant zombie (D:15)
  A shining eye (shapeshifter) (D:15)
  10 merfolk sirens
  16 elephants
  3 centaur zombies
  2 ice statues (IceCv)
  9 ugly things
  A black mamba (Lair:1)
  3 gargoyles
  4 water nymphs
  8 spiny frogs
  2 torpor snails (Lair:5)
  7 rime drakes
  A yaktaur (D:13)
  A guardian mummy (D:15)
  7 komodo dragons
  12 ice devils
  A freezing wraith (D:14)
  A spriggan zombie (D:15)
  2 wind drakes
  4 polar bears
  6 trolls
  25 merfolk
  An ice dragon zombie (D:15)
  9 blink frogs
  3 hornets (Lair:6)
  4 snapping turtles
  3 slime creatures (Lair:5)
  4 dream sheep (Shoals:3)
  10 hippogriffs
  2 centaur simulacra
  A vampire (D:13)
  7 wraiths
  60 yaks
  4 wyverns
  A shadow (D:11)
  A fire bat (Shoals:2)
  8 water elementals
  7 basilisks
  3 vampire mosquitoes (D:12)
  A hungry ghost (D:11)
  3 nagas (Lair:2)
  A soldier ant (shapeshifter) (D:13)
  13 wargs
  An acid dragon (D:11)
  6 water moccasins
  5 porcupines
  5 ice beasts
  39 orc warriors
  Duvessa (D:7)
  2 slaves
  A black bear (D:9)
  3 phantoms
  6 sky beasts
  A necrophage (D:11)
  26 ogres
  13 centaurs
  12 wolves
  A crocodile (shapeshifter) (D:13)
  9 crocodiles
  5 big kobolds
  10 bullfrogs
  Dowan (D:7)
  3 gnoll sergeants
  A wyvern skeleton (D:6)
  5 jellies
  10 killer bees (D:9)
  4 scorpions
  12 wights
  2 electric eels (Lair:6)
  A howler monkey (D:5)
  7 crimson imps
  2 bullfrog zombies
  7 hounds
  4 bullfrog skeletons
  27 orc priests
  38 orc wizards
  7 centaur skeletons
  4 gnoll shamans
  7 iguanas
  10 worker ants
  A killer bee zombie (D:8)
  A hound skeleton (D:9)
  13 mummies (Ossuary)
  A worker ant zombie (D:5)
  9 adders
  71 gnolls
  A shadow imp (D:14)
  8 white imps (IceCv)
  9 ufetubi (IceCv)
  An ooze (D:3)
  5 worms
  2 adder zombies
  4 dart slugs
  4 leopard geckos
  118 orcs
  4 giant cockroaches
  8 goblins
  17 hobgoblins
  24 jackals
  3 quokkas
  7 bats
  2 frilled lizards (D:3)
  A gnoll skeleton (Ossuary)
  3 goblin skeletons (Ossuary)
  2 jackal zombies (D:5)
  24 kobolds
  A kobold skeleton (Ossuary)
  3 orc skeletons (Ossuary)
  2 quokka zombies
  5 rats
  11 rat skeletons (Ossuary)
  A rat zombie (D:8)
  6 fungi
  11 plants
  4 tentacles (Shoals:3)
1115 creatures vanquished.

Vanquished Creatures (others)
  A white imp (IceCv)
  An ufetubus (IceCv)
  7 fungi
  33 plants
  9 tentacles (Shoals:3)
51 creatures vanquished.

Grand Total: 1166 creatures vanquished

Notes
Turn   | Place    | Note
-------+----------+-------------------------------------------
     0 | D:1      | Lanoc the Draconian Gladiator began the quest for the Orb.
     0 | D:1      | Reached XP level 1. HP: 17/17 MP: 1/1
   270 | D:1      | Reached XP level 2. HP: 15/25 MP: 2/2
   477 | D:2      | Reached XP level 3. HP: 8/30 MP: 3/3
   684 | D:2      | Reached XP level 4. HP: 29/38 MP: 4/4
  1781 | D:3      | Found a bloodstained altar of Trog.
  1781 | D:3      | Found a sparkling altar of Nemelex Xobeh.
  1832 | D:3      | Found an ancient bone altar of Kikubaaqudgha.
  1857 | D:4      | Found a shimmering altar of Xom.
  2134 | D:4      | Reached XP level 5. HP: 34/45 MP: 5/5
  2251 | D:4      | Found a staircase to the Ecumenical Temple.
  2261 | Temple   | Entered the Ecumenical Temple
  2268 | Temple   | Became a worshipper of Uskayaw the Reveler
  2407 | D:4      | Found Asyqis's Antique Armour Emporium.
  2412 | D:4      | Reached * piety under Uskayaw
  2416 | D:4      | Reached ** piety under Uskayaw
  2420 | D:4      | Reached *** piety under Uskayaw
  2421 | D:4      | Reached skill level 1 in Invocations
  2633 | D:4      | Found a shimmering altar of Xom.
  2635 | D:4      | Found a shimmering altar of Xom.
  2636 | D:4      | Found a shimmering altar of Xom.
  2636 | D:4      | Found a shimmering altar of Xom.
  2641 | D:4      | Found a shimmering altar of Xom.
  2819 | D:4      | Found a deep blue altar of Sif Muna.
  2845 | D:4      | Noticed a slave
  2846 | D:4      | Noticed a phantom
  2856 | D:4      | Noticed a slave
  3241 | D:2      | Found a runed translucent door.
  3242 | D:2      | Noticed Crazy Yiuf
  3338 | D:3      | Killed a slave
  3469 | D:4      | Killed a phantom
  3469 | D:4      | Reached skill level 5 in Axes
  3469 | D:4      | Reached XP level 6. HP: 23/52 MP: 7/7
  3491 | D:4      | Noticed Pikel
  3643 | D:4      | Noticed a slave
  3655 | D:4      | Killed a slave
  3675 | D:4      | Noticed a slave
  3718 | D:4      | Killed Pikel
  3718 | D:4      | Your scales start taking on a fiery red colour.
  3718 | D:4      | Reached XP level 7. HP: 41/60 MP: 7/10
  3718 | D:4      | Gained mutation: Your flesh is heat resistant. (rF+) [Red
                  | Draconian growth]
  3909 | D:4      | Found a shimmering altar of Xom.
  4091 | D:5      | Entered Level 5 of the Dungeon
  4188 | D:5      | Found a radiant altar of Vehumet.
  4212 | D:5      | Reached **** piety under Uskayaw
  4218 | D:5      | Reached ***** piety under Uskayaw
  4370 | D:5      | Reached XP level 8. HP: 40/67 MP: 11/11
  4730 | D:5      | Found an ornate altar of the Wu Jian Council.
  4783 | D:5      | Reached skill level 5 in Invocations
  4861 | D:5      | Reached skill level 5 in Fighting
  4890 | D:5      | Reached ****** piety under Uskayaw
  5538 | D:5      | Reached skill level 5 in Dodging
  7163 | D:6      | Reached XP level 9. HP: 71/75 MP: 11/13
  7327 | D:6      | Found an opulent altar of Gozag.
  7668 | D:6      | Found Efag Iramo's Gadget Shop.
  7709 | D:6      | Found an iron altar of Okawaru.
  7895 | D:7      | Found a shattered altar of Ashenzari.
  8183 | D:7      | Found a flagged portal.
  8220 | Bailey   | Entered a bailey
  8550 | Bailey   | Noticed an orc knight
  8613 | Bailey   | Identified a scroll of acquirement
  8640 | Bailey   | Killed an orc knight
  8720 | D:7      | Reached XP level 10. HP: 47/84 MP: 7/16
  8943 | D:7      | Gained mutation: You are agile. (Dex +2) [potion of
                  | mutation]
  8943 | D:7      | Gained mutation: You passively map a small area around you.
                  | [potion of mutation]
  9036 | D:7      | Noticed Duvessa
  9036 | D:7      | Noticed Dowan
  9043 | D:7      | Killed Duvessa
  9045 | D:7      | Killed Dowan
  9146 | D:8      | Found a sand-covered staircase.
  9163 | Ossuary  | Entered an ossuary
 10474 | D:8      | Reached skill level 10 in Axes
 10978 | D:9      | Found a hazy altar of Hepliaklqana.
 11302 | D:9      | Reached skill level 10 in Invocations
 11621 | D:10     | Entered Level 10 of the Dungeon
 11862 | D:10     | Reached XP level 11. HP: 85/94 MP: 16/18
 11980 | D:10     | Learned a level 1 spell: Apportation
 11990 | D:10     | Noticed a death yak
 11996 | D:10     | Noticed a death yak
 11997 | D:10     | Noticed a death yak
 12000 | D:10     | Killed a death yak
 12041 | D:10     | Killed a death yak
 12043 | D:10     | Killed a death yak
 12091 | D:10     | Found a staircase to the Lair.
 12506 | D:10     | Found a staircase to the Orcish Mines.
 12673 | D:11     | Found Wuholl's Mass Market.
 12975 | D:11     | Noticed a brown ugly thing
 13019 | D:11     | Killed a brown ugly thing
 13148 | D:11     | Noticed Harold
 13160 | D:11     | Killed Harold
 13612 | D:12     | Noticed a deep elf mage
 13623 | D:12     | Killed a deep elf mage
 13623 | D:12     | Reached XP level 12. HP: 102/104 MP: 20/20
 13645 | D:12     | Noticed Rupert
 13653 | D:12     | Killed Rupert
 14113 | D:12     | Noticed a four-headed hydra
 15101 | D:12     | Noticed a two-headed ogre
 15105 | D:12     | Killed a two-headed ogre
 15259 | D:12     | Reached skill level 10 in Fighting
 16071 | D:13     | Reached XP level 13. HP: 88/113 MP: 21/23
 17455 | D:13     | Found a gate to the Vaults.
 17925 | D:14     | Paralysed by an ogre mage for 4 turns
 19374 | D:15     | Entered Level 15 of the Dungeon
 19527 | D:15     | Found a staircase to the Depths.
 19641 | Orc:1    | Entered Level 1 of the Orcish Mines
 19652 | Orc:1    | Noticed an ettin
 20308 | Orc:1    | Killed an ettin
 20434 | Orc:1    | Found Luclufy's Book Shoppe.
 20557 | Orc:1    | Reached XP level 14. HP: 109/124 MP: 25/25
 20610 | Orc:1    | Found a roughly hewn altar of Beogh.
 20614 | Orc:1    | Noticed Josephine
 20615 | Orc:1    | Found Juit's Antique Armour Emporium.
 20622 | Orc:1    | Killed Josephine
 20814 | Orc:1    | Reached skill level 10 in Dodging
 21159 | Orc:1    | Noticed a stone giant
 21167 | Orc:1    | Found Wait Nybb's Armour Shop.
 21178 | Orc:1    | Reached skill level 15 in Invocations
 21187 | Orc:1    | Found Foer's Magic Scroll Shoppe.
 21433 | Orc:1    | Found Migoll's Assorted Antiques.
 21559 | Orc:1    | Killed a stone giant
 21617 | Orc:1    | Got a scorched spear
 21631 | Orc:1    | Identified the +6 spear of Defilement {protect, +Inv rF-
                  | rC+++ Int-3} (You found it on level 1 of the Orcish Mines)
 21848 | Orc:2    | Entered Level 2 of the Orcish Mines
 21848 | Orc:2    | Found a staircase to the Elven Halls.
 22734 | D:4      | Bought the +2 pair of boots of the Assassin {Detection
                  | Stab+ Stlth++} for 1920 gold pieces
 22734 | D:4      | Found the +2 pair of boots of the Assassin {Detection Stab+
                  | Stlth++}
 22863 | Lair:1   | Entered Level 1 of the Lair of Beasts
 22961 | Lair:1   | Found a frozen archway.
 22976 | IceCv    | Entered an ice cave
 23992 | IceCv    | Noticed a reaper
 23994 | IceCv    | Killed a reaper
 23994 | IceCv    | Reached skill level 15 in Axes
 24014 | IceCv    | Got a brightly glowing demon whip
 24015 | IceCv    | Identified the cursed +0 demon whip of the End of Times
                  | {freeze, +Rage Int+2} (You found it in an ice cave)
 24437 | Lair:1   | You fall through a shaft!
 24525 | Lair:2   | Noticed Urug
 24534 | Lair:2   | Killed Urug
 24721 | Lair:2   | Noticed Nergalle
 24728 | Lair:2   | Killed Nergalle
 24756 | Lair:2   | Found a staircase to the Snake Pit.
 24901 | Lair:2   | Noticed Gastronok
 24910 | Lair:2   | Killed Gastronok
 25366 | Lair:3   | Found a staircase to the Shoals.
 25948 | Lair:4   | Reached XP level 15. HP: 127/132 MP: 27/27
 26809 | Lair:5   | Found a staircase to the Slime Pits.
 26838 | Lair:5   | You fall through a shaft!
 26838 | Lair:6   | Entered Level 6 of the Lair of Beasts
 26841 | Lair:6   | Noticed Sonja
 26858 | Lair:6   | Noticed Sonja
 26858 | Lair:6   | Sonja changed into Sonja the warg
 26862 | Lair:6   | Killed Sonja the warg
 28515 | Orc:2    | Found a roughly hewn altar of Beogh.
 28541 | Orc:2    | Found a roughly hewn altar of Beogh.
 28576 | Orc:2    | Noticed an orc warlord
 28591 | Orc:2    | Killed an orc warlord
 28860 | Orc:2    | Found a roughly hewn altar of Beogh.
 28874 | Orc:2    | Found Cupoas's Weapon Emporium.
 28925 | Orc:2    | Found a roughly hewn altar of Beogh.
 28928 | Orc:2    | Found Oweopteg's Magic Scroll Boutique.
 28966 | Orc:2    | Bought a scroll of teleportation for 36 gold pieces
 28995 | Orc:2    | Found a bloodstained altar of Trog.
 29073 | Orc:2    | Found a roughly hewn altar of Beogh.
 29180 | Orc:2    | Found Zuilyets's Antique Armour Shoppe.
 29181 | Orc:2    | Found a roughly hewn altar of Beogh.
 29183 | Orc:2    | Found Gipeph's Antique Weapon Emporium.
 29769 | D:15     | Found an opulent altar of Gozag.
 30364 | D:15     | Identified Roxanne's Compendium of Changing
 30364 | D:15     | Noticed Roxanne
 30957 | D:15     | Noticed a sphinx
 30979 | D:15     | Killed a sphinx
 31829 | Lair:6   | Noticed Nessos
 31842 | Lair:6   | Noticed Nessos
 31842 | Lair:6   | Nessos changed into Nessos the shining eye
 31844 | Lair:6   | Gained mutation: Your magical capacity is low. (-10% MP)
                  | [Nessos]
 31847 | Lair:6   | Killed Nessos the shining eye
 32170 | Lair:6   | Paralysed by a hornet for 1 turns
 32513 | Lair:6   | Reached XP level 16. HP: 143/143 MP: 25/25
 33497 | Shoals:1 | Entered Level 1 of the Shoals
 33539 | Shoals:1 | Learned a level 1 spell: Summon Butterflies
 34437 | Shoals:1 | Noticed Aizul
 34446 | Shoals:1 | Killed Aizul
 36470 | Shoals:2 | Noticed Ilsuiw
 36696 | Shoals:2 | Noticed Frances
 37899 | Shoals:2 | HP: 7/146 [Ilsuiw/+2 trident of freezing (7)]
 37906 | Shoals:2 | Killed Ilsuiw
 39030 | Shoals:3 | Noticed Polyphemus
 39045 | Shoals:3 | Killed Polyphemus
 39574 | Shoals:3 | Noticed a kraken
 39589 | Shoals:3 | Killed a kraken
 39589 | Shoals:3 | Reached XP level 17. HP: 107/154 MP: 27/27
 40109 | Shoals:3 | Reached skill level 15 in Fighting
 40706 | Shoals:4 | Entered Level 4 of the Shoals
 41563 | Shoals:4 | Mangled by a merfolk impaler

Levels and vault maps discovered:
D:1:      minmay_arrival_shoal_huts, layout_basic
D:2:      layout_rooms, hangedman_decor_push, uniq_crazy_yiuf_cottage
D:3:      layout_rooms, marbit_many_paths, gammafunk_temple_overflow_elements
D:4:      layout_loops_ring, lemuel_blue_sif_altar,
          minmay_temple_entry_glassed_door, serial_shops, nicolae_shop_stone,
          first_ration, xom_redecorated, uniq_pikel
D:5:      lemuel_castle_with_subvaults [lemuel_castle_interior_original],
          layout_layer_cave, nicolae_overflow_crystal_walls,
          lemuel_crystal_altar
D:6:      layout_rooms, kennysheep_mini_moat, overflow_temple_1_default,
          serial_shops, shop, small_statue_alley_b, minivault_25,
          minmay_manual_mail
D:7:      layout_basic, nicolae_ashenzari_panopticon, enter_bailey_2,
          grunt_ogre_cave, uniq_duvessa
D:8:      layout_loops_corners, enter_ossuary_4, minmay_statues_item
D:9:      layout_roguey, kennysheep_mini
D:10:     layout_basic, dpeg_lair_monsters,
          kennysheep_orc_monster_closet_entryway
D:11:     layout_basic, minmay_shop_mass, bh_walls_and_bars, uniq_harold
D:12:     layout_stronghold, serial_column_ruins, column_ruins_open_small,
          column_ruins_open_medium_water, column_ruins_corridor_straight,
          column_ruins_columns_plus, column_ruins_corridor_straight,
          column_ruins_open_small, chequers_serial_rivers_room_b, uniq_rupert
D:13:     minmay_tri_box, layout_basic, david_vaults_5, lemuel_flamethrower_1
D:14:     layout_roguey, minmay_misc_feat_rows
D:15:     gammafunk_depths_entry_grave, layout_layer_cave,
          nicolae_gozag_seed_capital, grunt_tough_drop, uniq_roxanne
Temple:   nicolae_temple_no_exploring_needed
Lair:1:   layout_hall_layers, portal_ice_cave_demonic_guard, lemuel_fruit_tree,
          infiniplex_staircase_pool_2
Lair:2:   layout_chaotic_city, minmay_snake_entry_guardpost_small, uniq_urug,
          uniq_nergalle, uniq_gastronok
Lair:3:   layout_regular_city, shoals_dummy_entry
Lair:4:   layout_small_grid
Lair:5:   layout_gridlike, minmay_slime_entry_pillars
Lair:6:   gammafunk_lair_ancient_temple, layout_gridlike,
          chequers_serial_rivers_large_a, st_stairs_4, disabler_island,
          uniq_nessos, uniq_sonja
Shoals:1: layout_shoals, uniq_aizul
Shoals:2: layout_shoals, hangedman_shoal_volcano, uniq_ilsuiw, uniq_frances
Shoals:3: layout_shoals, uniq_polyphemus
Shoals:4: shoals_end_grunt_ice, layout_shoals, shoal_ilsuiw
Orc:1:    giant_chief_lemuel, layout_caves, basic_altar, serial_shops, shop,
          nicolae_shop_behind_doors, nicolae_shop_behind_doors, shop, shop,
          uniq_josephine
Orc:2:    grunt_orc_community_town_hall, layout_caves,
          grunt_orc_community_big_house_2, grunt_orc_community_big_house_1,
          grunt_orc_community_house_2, grunt_orc_community_house_2,
          grunt_orc_community_house_1, grunt_orc_community_house_1,
          grunt_orc_community_house_3, basic_altar
Ossuary:  ossuary_due_small_catacomb
Bailey:   bailey_axe_2, bailey
IceCv:    ice_cave_small_demon

Skill      XL: |  1  2  3  4  5  6  7  8  9 10 11 12 13 14 15 16 17 |
---------------+----------------------------------------------------+-----
Dodging        | 3 4 5 6 7 8 9 10 11 12 | 12.6
Axes           | 4 5 6 7 9 10 11 13 14 15 16 17 18 | 18.2
Fighting       | 3 4 5 6 7 9 10 11 12 13 14 15 | 15.5
Invocations    | 2 4 6 8 10 11 13 14 16 17 18 | 18.0
Throwing       | |  1.7

Action                   |  1- 3 |  4- 6 |  7- 9 | 10-12 | 13-15 | 16-18 || total
-------------------------+-------+-------+-------+-------+-------+-------++-------
Melee: War axe           |    60 |   213 |   315 |       |       |       ||   588
       Tailslap          |     5 |    37 |    51 |    74 |   154 |    76 ||   397
       Battleaxe         |       |       |    74 |       |       |       ||    74
       Executioner's axe |       |       |    16 |   526 |   818 |   385 ||  1745
       Great sword       |       |       |       |       |    12 |     5 ||    17
Throw: Throwing net      |       |     9 |       |     1 |       |       ||    10
Invok: Grand Finale      |       |       |       |       |     3 |     3 ||     6
 Abil: Breathe Fire      |       |       |    32 |    16 |     8 |    16 ||    72
Evoke: Wand              |       |     3 |     2 |       |     3 |     1 ||     9
  Use: Potion            |       |     4 |     1 |     5 |     6 |     5 ||    21
       Scroll            |       |       |    14 |     9 |    19 |     4 ||    46
 Stab: Sleeping          |       |     1 |     6 |     7 |    17 |     3 ||    34
       Held in net/web   |       |     3 |       |       |       |       ||     3
       Paralysed         |       |     2 |    18 |    51 |   107 |    47 ||   225
       Distracted        |       |       |       |       |     2 |       ||     2
       Petrified         |       |       |       |       |       |     1 ||     1
  Eat: Chunk             |       |     6 |    22 |    26 |    38 |    25 ||   117
       Ration            |       |     1 |       |     1 |     5 |     3 ||    10
Armor: Skin              |    16 |    75 |   120 |   181 |   192 |   111 ||   695
Dodge: Dodged            |    62 |   135 |   427 |   547 |   859 |   456 ||  2486
Block: Other             |       |       |       |       |    79 |    82 ||   161
       Reflection        |       |       |       |       |     2 |    14 ||    16
       Rpst.: Great sword |       |       |       |       |     2 |     1 ||     3

Table legend:
 A = Non-vault XP
 B = Vault XP
 C = Vault XP percentage of total XP
 D = Non-vault monster count
 E = Vault monster count
 F = Vault count percentage of total count
                 A         B        C        D         E       F
            +---------+---------+-------+---------+---------+-------
      Total |  143918 |   94548 |  39.6 |     702 |     389 |  35.7
            +---------+---------+-------+---------+---------+-------
        D:1 |      20 |       0 |   0.0 |      13 |       0 |   0.0
        D:2 |      96 |       0 |   0.0 |      20 |       0 |   0.0
        D:3 |      99 |       2 |   2.0 |      25 |       1 |   3.8
        D:4 |     278 |     670 |  70.7 |      14 |       4 |  22.2
        D:5 |     794 |     766 |  49.1 |      36 |      55 |  60.4
        D:6 |    1001 |     170 |  14.5 |      21 |       2 |   8.7
        D:7 |     976 |     330 |  25.3 |      14 |       3 |  17.6
        D:8 |    2156 |       2 |   0.1 |      40 |       2 |   4.8
        D:9 |    1631 |       0 |   0.0 |      33 |       0 |   0.0
       D:10 |    1890 |    4770 |  71.6 |      24 |      26 |  52.0
       D:11 |    3717 |    1013 |  21.4 |      29 |       1 |   3.3
       D:12 |    9353 |    2864 |  23.4 |      43 |       1 |   2.3
       D:13 |    4460 |    4762 |  51.6 |      18 |      11 |  37.9
       D:14 |   12637 |       0 |   0.0 |      28 |       0 |   0.0
       D:15 |   12465 |    7694 |  38.2 |      24 |      11 |  31.4
     Lair:1 |    4534 |     681 |  13.1 |      15 |       2 |  11.8
     Lair:2 |     876 |    4475 |  83.6 |       6 |       6 |  50.0
     Lair:3 |    5764 |       0 |   0.0 |      23 |       0 |   0.0
     Lair:4 |    5772 |       0 |   0.0 |      27 |       0 |   0.0
     Lair:5 |    5941 |     811 |  12.0 |      24 |       4 |  14.3
     Lair:6 |   16826 |   10900 |  39.3 |      42 |      32 |  43.2
   Shoals:1 |   10343 |    1706 |  14.2 |      24 |       1 |   4.0
   Shoals:2 |   14053 |    8523 |  37.8 |      27 |      13 |  32.5
   Shoals:3 |   17495 |    5355 |  23.4 |      33 |       5 |  13.2
   Shoals:4 |    1905 |   10825 |  85.0 |       6 |      14 |  70.0
      Orc:1 |    5636 |   13000 |  69.8 |      41 |      32 |  43.8
      Orc:2 |    3200 |    8218 |  72.0 |      52 |      68 |  56.7
    Ossuary |       0 |     243 | 100.0 |       0 |      31 | 100.0
     Bailey |       0 |     843 | 100.0 |       0 |      34 | 100.0
      IceCv |       0 |    5925 | 100.0 |       0 |      30 | 100.0
            +---------+---------+-------+---------+---------+-------
